TOP OF THE 1ST |
El Paso Sun Kings batting - Pitching for San Antonio Missions : LHP Jim Deshaies
|
Pitching: LHP Jim Deshaies
|
|
Batting: SHB Keith Thrower
|
0-0: Ball 1-0: Foul Ball, location: 2F 1-1: Called Strike 1-2: Ball 2-2: Ball 3-2: Strikes out looking
|
Batting: RHB Dionisio DeJesus
|
0-0: Called Strike 0-1: Ball 1-1: Foul Ball, location: 2F 1-2: Strikes out swinging
|
Batting: LHB Scott Bradley
|
0-0: Called Strike 0-1: Ball 1-1: Ball 2-1: Fly out, F8 (Flyball, 8RS, EV 86.3 MPH)
|
Top of the 1st over - 0 runs, 0 hits, 0 errors, 0 left on base; El Paso 0 - San Antonio 0 |
BOTTOM OF THE 1ST |
San Antonio Missions batting - Pitching for El Paso Sun Kings : RHP Kevin Fitzhugh
|
Pitching: RHP Kevin Fitzhugh
|
|
Batting: LHB John Elway
|
0-0: Ball 1-0: Ball 2-0: Ball 3-0: Base on Balls
|
Batting: RHB Amos Lewis
|
0-0: Ball 1-0: Ball 2-0: Fly out, F8 (Flyball, 78D, EV 93.1 MPH)
|
Batting: LHB Jerold Johnston
|
0-0: Called Strike John Elway steals 2nd base (no throw) 0-1: Ground out 5-3 (Groundball, 5, EV 77.5 MPH)
|
Batting: RHB Ed Hearn
|
0-0: Ball 1-0: Foul Ball, location: 2F 1-1: Fly out, F7 (Flyball, 7, EV 85.6 MPH)
|
Bottom of the 1st over - 0 runs, 0 hits, 0 errors, 1 left on base; El Paso 0 - San Antonio 0 |
TOP OF THE 2ND |
El Paso Sun Kings batting - Pitching for San Antonio Missions : LHP Jim Deshaies
|
Batting: RHB Chuckie Canady
|
0-0: Ball 1-0: Ball 2-0: Ball 3-0: Swinging Strike 3-1: Base on Balls
|
Batting: RHB Jon Hansen
|
0-0: Called Strike 0-1: Fielders Choice at 2nd, 3-6 (Groundball, 34S, EV 90.6 MPH)
|
Batting: RHB Mike Sharperson
|
0-0: Ball 1-0: Swinging Strike 1-1: Ball 2-1: Ball 3-1: Base on Balls Jon Hansen to second
|
Batting: RHB Michael Hanson
|
0-0: Fielders Choice at 2nd, 3-6 (Groundball, 34, EV 90.0 MPH) Jon Hansen to third
|
Batting: RHB Danny Ramires
|
0-0: Ball 1-0: Foul Ball, location: 2F 1-1: DOUBLE (Line Drive, 8RXD, EV 108.1 MPH) Jon Hansen scores Michael Hanson to third Runner from 3rd tries for Home, SAFE, throw by CF to home
|
Batting: LHB Stanley Hendrickson
|
0-0: Called Strike 0-1: Ball 1-1: Foul Ball, location: 2F 1-2: Fly out, F1 (Line Drive, P, EV 65.0 MPH)
|
Top of the 2nd over - 2 runs, 1 hit, 0 errors, 1 left on base; El Paso 2 - San Antonio 0 |
BOTTOM OF THE 2ND |
San Antonio Missions batting - Pitching for El Paso Sun Kings : RHP Kevin Fitzhugh
|
Batting: RHB Andrew Walker
|
0-0: DOUBLE (Line Drive, 89D, EV 109.4 MPH)
|
Batting: LHB John D Morris
|
0-0: Called Strike 0-1: Ball 1-1: Ball 2-1: Foul Ball, location: 2F 2-2: Foul Ball, location: 2F 2-2: Foul Ball, location: 2F 2-2: Ground out 4-3 (Groundball, 4S, EV 87.5 MPH) Andrew Walker to third
|
Batting: RHB Larry Hamilton
|
0-0: Called Strike 0-1: Foul Ball, location: 2F 0-2: Ball 1-2: Ball 2-2: Strikes out swinging
|
Batting: RHB Leo Hernandez
|
0-0: Foul Ball, location: 2F 0-1: Ball 1-1: Ball 2-1: Ball 3-1: Base on Balls
|
Batting: RHB Houston Jimenez
|
0-0: Called Strike 0-1: Foul Ball, location: 2F 0-2: Ball 1-2: Ball 2-2: Ball 3-2: Foul Ball, location: 2F 3-2: Foul Ball, location: 2F 3-2: Ground out 4-3 (Groundball, 4, EV 84.4 MPH)
|
Bottom of the 2nd over - 0 runs, 1 hit, 0 errors, 2 left on base; El Paso 2 - San Antonio 0 |
TOP OF THE 3RD |
El Paso Sun Kings batting - Pitching for San Antonio Missions : LHP Jim Deshaies
|
Batting: SHB Keith Thrower
|
0-0: Ball 1-0: Called Strike 1-1: Ball 2-1: Fly out, F6 (Popup, 15S, EV 86.9 MPH)
|
Batting: RHB Dionisio DeJesus
|
0-0: Ball 1-0: Foul Ball, location: 2F 1-1: SINGLE (Groundball, 6MD, EV 96.3 MPH)
|
Batting: LHB Scott Bradley
|
0-0: Ball 1-0: Fly out, F8 (Flyball, 8LS, EV 91.3 MPH)
|
Batting: RHB Chuckie Canady
|
0-0: Ball 1-0: Fielders Choice at 2nd, 5-4 (Groundball, 5L, EV 88.8 MPH)
|
Top of the 3rd over - 0 runs, 1 hit, 0 errors, 1 left on base; El Paso 2 - San Antonio 0 |
BOTTOM OF THE 3RD |
San Antonio Missions batting - Pitching for El Paso Sun Kings : RHP Kevin Fitzhugh
|
Batting: LHB John Elway
|
0-0: Ground out 3-1 (Groundball, 23, EV 81.3 MPH)
|
|
|
Batting: RHB Amos Lewis
|
0-0: Called Strike 0-1: Ball 1-1: Foul Ball, location: 2F 1-2: Ground out 5-3 (Groundball, 56, EV 83.1 MPH)
|
Batting: LHB Jerold Johnston
|
0-0: Fly out, F9 (Flyball, 89D, EV 88.1 MPH)
|
Bottom of the 3rd over - 0 runs, 0 hits, 0 errors, 0 left on base; El Paso 2 - San Antonio 0 |
TOP OF THE 4TH |
El Paso Sun Kings batting - Pitching for San Antonio Missions : LHP Jim Deshaies
|
Batting: RHB Jon Hansen
|
0-0: Called Strike 0-1: Ground out 5-3 (Groundball, 56S, EV 92.5 MPH)
|
Batting: RHB Mike Sharperson
|
0-0: Swinging Strike 0-1: Foul Ball, location: 2F 0-2: Ball 1-2: Foul Ball, location: 2F 1-2: Ball 2-2: Ball 3-2: Ground out 6-3 (Groundball, 6, EV 108.1 MPH)
|
Batting: RHB Michael Hanson
|
0-0: Ball 1-0: Foul Ball, location: 2F 1-1: Ball 2-1: Ball 3-1: Bunt missed! 3-2: Strikes out swinging
|
Top of the 4th over - 0 runs, 0 hits, 0 errors, 0 left on base; El Paso 2 - San Antonio 0 |
BOTTOM OF THE 4TH |
San Antonio Missions batting - Pitching for El Paso Sun Kings : RHP Kevin Fitzhugh
|
Batting: RHB Ed Hearn
|
0-0: Ball 1-0: Ground out 1-3 (Groundball, P, EV 66.3 MPH)
|
Batting: RHB Andrew Walker
|
0-0: Ground out 6-3 (Groundball, 6, EV 103.1 MPH)
|
Batting: LHB John D Morris
|
0-0: Ball 1-0: Ball 2-0: Ball 3-0: Called Strike 3-1: Foul Ball, location: 2F 3-2: Base on Balls
|
Batting: RHB Larry Hamilton
|
0-0: Ball 1-0: Ball 2-0: Ball 3-0: Base on Balls John D Morris to second
|
Batting: RHB Leo Hernandez
|
0-0: Ball 1-0: Ball 2-0: Swinging Strike 2-1: Fielders Choice at 2nd, 6-4 (Groundball, 6, EV 99.4 MPH)
|
Bottom of the 4th over - 0 runs, 0 hits, 0 errors, 2 left on base; El Paso 2 - San Antonio 0 |
TOP OF THE 5TH |
El Paso Sun Kings batting - Pitching for San Antonio Missions : LHP Jim Deshaies
|
Batting: RHB Danny Ramires
|
0-0: Called Strike 0-1: Ground out 6-3 (Groundball, 15, EV 86.9 MPH)
|
Batting: LHB Stanley Hendrickson
|
0-0: Called Strike 0-1: Swinging Strike 0-2: Strikes out looking
|
Batting: SHB Keith Thrower
|
0-0: Called Strike 0-1: Called Strike 0-2: Ball 1-2: Ball 2-2: Foul Ball, location: 2F 2-2: Ball 3-2: Strikes out swinging
|
Top of the 5th over - 0 runs, 0 hits, 0 errors, 0 left on base; El Paso 2 - San Antonio 0 |
BOTTOM OF THE 5TH |
San Antonio Missions batting - Pitching for El Paso Sun Kings : RHP Kevin Fitzhugh
|
Batting: RHB Houston Jimenez
|
0-0: Called Strike 0-1: Ball 1-1: Ball 2-1: Ball 3-1: Foul Ball, location: 2F 3-2: Base on Balls
|
Batting: LHB John Elway
|
0-0: Ball 1-0: Ball 2-0: Ball 3-0: Base on Balls Houston Jimenez to second
|
Batting: RHB Amos Lewis
|
0-0: Called Strike 0-1: Ball 1-1: Ball 2-1: Foul Ball, location: 2F 2-2: Ball 3-2: Base on Balls Houston Jimenez to third John Elway to second
|
Batting: LHB Jerold Johnston
|
0-0: Ball 1-0: Ball 2-0: Ball 3-0: Called Strike 3-1: Foul Ball, location: 2F 3-2: Fly out, F9 (Flyball, 89D, EV 96.9 MPH) Runner from 3rd tags up, SCORES, throw by RF John Elway to third
|
Batting: RHB Ed Hearn
|
0-0: Ball 1-0: Ball 2-0: Called Strike 2-1: Called Strike 2-2: Foul Ball, location: 2F 2-2: Foul Ball, location: 2F 2-2: Foul Ball, location: 2F 2-2: Strikes out looking
|
Batting: RHB Andrew Walker
|
0-0: Ball 1-0: Foul Ball, location: 2F 1-1: Called Strike 1-2: Foul Ball, location: 2F 1-2: Ball 2-2: Ground out 4-3 (Groundball, 4, EV 103.8 MPH)
|
Bottom of the 5th over - 1 run, 0 hits, 0 errors, 2 left on base; El Paso 2 - San Antonio 1 |
TOP OF THE 6TH |
El Paso Sun Kings batting - Pitching for San Antonio Missions : LHP Jim Deshaies
|
Batting: RHB Dionisio DeJesus
|
0-0: Ball 1-0: Swinging Strike 1-1: Bunt for hit to 5S - play at first, batter OUT! 5-3
|
Batting: LHB Scott Bradley
|
0-0: Reached via error on a dropped throw from SS, E3 (Groundball, P, EV 86.3 MPH)
|
Batting: RHB Chuckie Canady
|
0-0: Ball 1-0: Called Strike 1-1: Foul Ball, location: 2F 1-2: Ball 2-2: Ball 3-2: Foul Ball, location: 2F 3-2: Base on Balls Scott Bradley to second
|
Batting: RHB Jon Hansen
|
0-0: Ball 1-0: Foul Ball, location: 2F 1-1: Foul Ball, location: 2F 1-2: Fly out, F8 (Flyball, 8LM, EV 89.4 MPH)
|
Batting: RHB Mike Sharperson
|
0-0: Ball 1-0: Fielders Choice at 2nd, 5-4 (Groundball, 56, EV 103.8 MPH)
|
Top of the 6th over - 0 runs, 0 hits, 1 error, 2 left on base; El Paso 2 - San Antonio 1 |
BOTTOM OF THE 6TH |
San Antonio Missions batting - Pitching for El Paso Sun Kings : RHP Kevin Fitzhugh
|
Batting: LHB John D Morris
|
0-0: Ball 1-0: Called Strike 1-1: Ball 2-1: Called Strike 2-2: Strikes out swinging
|
Batting: RHB Larry Hamilton
|
0-0: Called Strike 0-1: Foul Ball, location: 2F 0-2: Foul Ball, location: 2F 0-2: Foul Ball, location: 2F 0-2: Ball 1-2: Fly out, F9 (Flyball, 9, EV 88.8 MPH)
|
Batting: RHB Leo Hernandez
|
0-0: Ball 1-0: Fly out, F9 (Flyball, 9S, EV 81.9 MPH)
|
Bottom of the 6th over - 0 runs, 0 hits, 0 errors, 0 left on base; El Paso 2 - San Antonio 1 |
TOP OF THE 7TH |
El Paso Sun Kings batting - Pitching for San Antonio Missions : LHP Jim Deshaies
|
Batting: RHB Michael Hanson
|
0-0: Called Strike 0-1: Ball 1-1: Ball 2-1: Ball 3-1: Base on Balls
|
Batting: RHB Danny Ramires
|
0-0: Ball 1-0: Sac Bunt to 15 - play at first, batter OUT! 1-4 Michael Hanson to second
|
Batting: LHB Stanley Hendrickson
|
0-0: Ball 1-0: Foul Ball, location: 2F 1-1: Ball 2-1: Swinging Strike 2-2: Ball 3-2: Foul Ball, location: 2F 3-2: Foul Ball, location: 2F 3-2: Base on Balls
|
Batting: SHB Keith Thrower
|
0-0: Ball 1-0: Ball Michael Hanson steals 3rd, throwing error, E2 Michael Hanson scores Stanley Hendrickson to third 2-0: SINGLE (Line Drive, 89S, EV 95.0 MPH) Stanley Hendrickson scores
|
Batting: RHB Dionisio DeJesus
|
0-0: Ball 1-0: Ball 2-0: Fly out, F7 (Flyball, 7D, EV 105.0 MPH)
|
Batting: LHB Scott Bradley
|
0-0: Ball 1-0: Ball 2-0: Fly out, F3 (Line Drive, 3, EV 66.3 MPH)
|
Top of the 7th over - 2 runs, 1 hit, 1 error, 1 left on base; El Paso 4 - San Antonio 1 |
BOTTOM OF THE 7TH |
San Antonio Missions batting - Pitching for El Paso Sun Kings : RHP Kevin Fitzhugh
|
Batting: RHB Houston Jimenez
|
0-0: Called Strike 0-1: Ball 1-1: Ground out 5-3 (Groundball, 5L, EV 82.5 MPH)
|
Batting: LHB John Elway
|
0-0: Foul Ball, location: 2F 0-1: Foul Ball, location: 2F 0-2: Ball 1-2: Foul Ball, location: 2F 1-2: Ball 2-2: Foul Ball, location: 2F 2-2: Ground out 5-3 (Groundball, 5, EV 84.4 MPH)
|
Batting: RHB Amos Lewis
|
0-0: Ball 1-0: Swinging Strike 1-1: Called Strike 1-2: Ball 2-2: Fly out, F4 (Line Drive, 4, EV 62.5 MPH)
|
Bottom of the 7th over - 0 runs, 0 hits, 0 errors, 0 left on base; El Paso 4 - San Antonio 1 |
TOP OF THE 8TH |
El Paso Sun Kings batting - Pitching for San Antonio Missions : LHP Jim Deshaies
|
Batting: RHB Chuckie Canady
|
0-0: Foul Ball, location: 2F 0-1: Ball 1-1: Ball 2-1: Fly out, F8 (Line Drive, 8LM, EV 92.5 MPH)
|
Batting: RHB Jon Hansen
|
0-0: Swinging Strike 0-1: Foul Ball, location: 2F 0-2: Ball 1-2: Strikes out swinging
|
Batting: RHB Mike Sharperson
|
0-0: Ball 1-0: Called Strike 1-1: Called Strike 1-2: Ball 2-2: Foul Ball, location: 2F 2-2: Ball 3-2: Ground out 6-3 (Groundball, 6S, EV 75.6 MPH)
|
Top of the 8th over - 0 runs, 0 hits, 0 errors, 0 left on base; El Paso 4 - San Antonio 1 |
BOTTOM OF THE 8TH |
San Antonio Missions batting - Pitching for El Paso Sun Kings : RHP Kevin Fitzhugh
|
Batting: LHB Jerold Johnston
|
0-0: Foul Ball, location: 2F 0-1: Foul Ball, location: 2F 0-2: Foul Ball, location: 2F 0-2: Foul Ball, location: 2F 0-2: Ground out 6-3 (Groundball, 6M, EV 86.3 MPH)
|
Batting: RHB Ed Hearn
|
0-0: Ground out 6-3 (Groundball, 56D, EV 81.9 MPH)
|
Batting: RHB Andrew Walker
|
0-0: Ball 1-0: Ball 2-0: Called Strike 2-1: Foul Ball, location: 2F 2-2: Fly out, F7 (Flyball, 7S, EV 97.5 MPH)
|
Bottom of the 8th over - 0 runs, 0 hits, 0 errors, 0 left on base; El Paso 4 - San Antonio 1 |
TOP OF THE 9TH |
El Paso Sun Kings batting - Pitching for San Antonio Missions : LHP Jim Deshaies
|
Batting: RHB Michael Hanson
|
0-0: Ball 1-0: Ball 2-0: Called Strike 2-1: Ball 3-1: Called Strike 3-2: Foul Ball, location: 2F 3-2: Foul Ball, location: 2F 3-2: Strikes out swinging
|
Batting: RHB Danny Ramires
|
0-0: Ball 1-0: Called Strike 1-1: Ball 2-1: Ground out 4-3 (Groundball, 4, EV 86.3 MPH)
|
Batting: LHB Stanley Hendrickson
|
0-0: Called Strike 0-1: Swinging Strike 0-2: Ground out 4-3 (Groundball, 4, EV 103.1 MPH)
|
Top of the 9th over - 0 runs, 0 hits, 0 errors, 0 left on base; El Paso 4 - San Antonio 1 |
BOTTOM OF THE 9TH |
San Antonio Missions batting - Pitching for El Paso Sun Kings : RHP Kevin Fitzhugh
|
Batting: LHB John D Morris
|
0-0: Foul Ball, location: 2F 0-1: Swinging Strike 0-2: Ball 1-2: Ball 2-2: Ball 3-2: Foul Ball, location: 2F 3-2: SINGLE (Line Drive, 7S, EV 96.3 MPH)
|
Pitching: LHP Richard Broas
|
|
Batting: RHB Larry Hamilton
|
0-0: Fly out, F8 (Flyball, 8LD, EV 100.0 MPH)
|
Batting: RHB Leo Hernandez
|
0-0: Ball 1-0: Ball 2-0: Ball 3-0: Called Strike 3-1: Swinging Strike 3-2: DOUBLE (Flyball, 89D, EV 85.6 MPH) John D Morris to third
|
Batting: RHB Houston Jimenez
|
0-0: Swinging Strike 0-1: Ball 1-1: Foul Ball, location: 2F 1-2: Fly out, F8 (Flyball, 8RM, EV 79.4 MPH) Runner from 3rd tags up, SCORES, no throw by CF
|
Batting: LHB John Elway
|
0-0: Foul Ball, location: 2F 0-1: Foul Ball, location: 2F 0-2: Ball 1-2: Ball 2-2: Ball 3-2: Ground out 4-3 (Groundball, 4, EV 81.9 MPH)
|
Bottom of the 9th over - 1 run, 2 hits, 0 errors, 1 left on base; El Paso 4 - San Antonio 2 |
|
Tuesday, July 21st, 2020 - OOTP Baseball 21.4 Build 63
|
|